 Dungeon Crawl Stone Soup version 0.30-a0-1160-g6e42c06551 (webtiles) character file.

Game seed: 14285264039930484886

6920 qeuew the Grappler (level 10, -3/153 HPs)
             Began as a Troll Berserker on Apr 26, 2023.
             Was an Elder of Trog.
             Slain by a killer bee (5 damage)
             ... on level 8 of the Dungeon.
             The game lasted 00:08:15 (6852 turns).

qeuew the Grappler (Troll Berserker)                Turns: 6852, Time: 00:08:16

Health: -3/153     AC:  4    Str: 29    XL:     10   Next: 80%
Magic:  9/9        EV: 12    Int:  3    God:    Trog [****..]
Gold:   396        SH:  0    Dex: 11    Spells: 9/9 levels left

rFire   . .          .
                       - Unarmed
rCold   . . .        (no shield)
rNeg    + . .        a - +0 animal skin
rPois   .            (helmet restricted)
rElec   .            (no cloak)
rCorr   .            (gloves unavailable)
SInv    +            (boots unavailable)
Will    ++...        (no amulet) Stlth
                     f - ring of see invisible
HPRegen 2.25/turn    j - ring of positive energy
MPRegen 0.11/turn

%: no passive effects
@: berserking, lethally poisoned (-3 -> -4), strong-willed, regenerating, very
quick
A: large, unfitting armour, claws 3, regeneration 1, shaggy fur 1, tough skin 1
a: Renounce Religion, Berserk, Trog's Hand, Brothers in Arms


You were on level 8 of the Dungeon.
You worshipped Trog.
Trog was greatly pleased with you.
You visited 3 branches of the dungeon, and saw 11 of its levels.
You also visited: Ossuary.

You collected 396 gold pieces.

Inventory:

Armour
 a - a +0 animal skin (worn)
Jewellery
 f - a ring of see invisible (left claw)
 j - a ring of positive energy (right claw)
 m - a ring of protection from cold
Wands
 d - a wand of quicksilver (9)
 l - a wand of flame (16)
 s - a wand of charming (9)
Scrolls
 h - 4 scrolls of teleportation
 i - 4 scrolls of identify
 k - a scroll of magic mapping
 n - a scroll of fog
 o - a scroll of acquirement {unknown}
 p - 2 scrolls of torment {unknown}
Potions
 b - 4 potions of curing
 c - a potion of berserk rage
 e - 3 potions of flight
 g - 4 potions of magic
 q - 2 potions of might
 r - a potion of haste {unknown}


   Skills:
 + Level 7.0 Fighting
 + Level 7.0 Dodging
 * Level 11.4 Unarmed Combat
 + Level 4.2 Evocations


You had 9 spell levels left.
You didn't know any spells.
Your spell library was empty.

Dungeon Overview and Level Annotations

Branches:
Dungeon (9/15)             Temple (1/1) D:7            Lair (1/5) D:8
Ossuary (visited)
    Orc: D:9-12

Altars:
Ashenzari
Cheibriados
Dithmenos
Elyvilon
Fedhas
Gozag
Hepliaklqana
Kikubaaqudgha
Makhleb
Okawaru
Qazlal
Ru
Sif Muna
Uskayaw
Vehumet
Wu Jian
Xom
Yredelemnul
Zin
The Shining One

Shops:
D:2 [   D:4 *(:


Innate Abilities, Weirdness & Mutations

You are too large for most types of armour.
You have claws for hands.
Your natural rate of healing is unusually fast.
You are covered in fur. (AC +1)
You have tough skin. (AC +1)


Message History

You climb downwards.
The killer bee stings you.
You are poisoned.
The killer bee poisons you! The killer bee stings you.
You are more poisoned.
The killer bee poisons you! The killer bee stings you. The wyvern bites you.
The killer bee stings you. The killer bee misses you.
The killer bee stings you but does no damage.
The wyvern bites you! The killer bee stings you. The killer bee stings you!
The killer bee closely misses you.
There is a stone staircase leading up, spattered with blood here.
You feel very sick.
The killer bee barely misses you. x2; The killer bee stings you.
The wyvern bites you! The killer bee closely misses you.
The killer bee stings you.
You are more poisoned.
The killer bee poisons you! The killer bee stings you!
You are more poisoned.
The killer bee poisons you!
You climb upwards.
You feel extremely sick.
There is a stone staircase leading down here.
Okay, then.
Okay, then.
Your skin crawls.
You feel strong-willed.
You feel very sick. The wyvern bites you!
* * * LOW HITPOINT WARNING * * *
The killer bee barely misses you. x2; The killer bee stings you.
* * * LOW HITPOINT WARNING * * *
The wyvern bites you!
* * * LOW HITPOINT WARNING * * *
The killer bee stings you but does no damage.
The killer bee misses you. The killer bee barely misses you.
A red film seems to cover your vision as you go berserk!
You feel yourself moving faster!
You feel mighty!
* * * LOW HITPOINT WARNING * * *
You feel very sick. The killer bee stings you.
You die...

........## ##..##..............
#...#)#..# ###...#...............
...##.##.###.###......#..........
.#..###..##.## ###..####...).....
.##..##..##.# ##.........##.....
##.(###..#..# ##..........####...
#..##.##...####.....###...# ##.#
##..#.#........y.l...##...## #.##
.##......#..####@y...##....###.#
.#..##..##..# ##y....#..#.....##
........###.# ##.#......####..#
.#.####..##.### ##.....#..###..#.
...# ##.##...###..###....##..###
..######...........####...#..##
..###...........##..####....##
..........#####.###.(#..###.##
.[...#....## #.# ####### #..###


You could see a wyvern and 3 killer bees.

Vanquished Creatures
  A two-headed ogre (D:7)
  Grinder (D:4)
  Sigmund (D:2)
  3 wyverns (D:8)
  5 yaks (D:8)
  6 steam dragons
  Grum (D:8)
  Edmund (D:4)
  4 water moccasins
  A sky beast (D:8)
  An orc warrior (D:7)
  2 ice beasts (D:7)
  2 black bears
  3 wolves (D:8)
  A phantom (D:5)
  4 centaurs
  2 kobold brigands
  A bullfrog (D:7)
  2 elf zombies (Ossuary)
  3 scorpions
  3 wights (D:7)
  3 killer bees (D:8)
  2 electric eels (D:7)
  2 howler monkeys (D:7)
  2 centaur zombies (Ossuary)
  2 human zombies (Ossuary)
  6 orc priests
  3 gnoll boudas
  4 hounds
  3 iron imps (D:4)
  Terence (D:2)
  4 iguanas
  2 sleepcaps
  5 orc wizards
  2 mummies (Ossuary)
  Robin (D:2)
  10 gnolls
  4 adders
  4 white imps
  2 worms
  20 orcs
  3 endoplasms
  2 giant cockroaches
  8 goblins
  10 hobgoblins
  3 jackals (D:4)
  9 kobolds
  3 ball pythons
  5 bats
  A frilled lizard (D:1)
  A goblin zombie (Ossuary)
  10 hobgoblin zombies (Ossuary)
  12 kobold zombies (Ossuary)
  8 orc zombies (Ossuary)
  5 rats
210 creatures vanquished.

Vanquished Creatures (others)
  27 fungi
  12 plants (D:8)
39 creatures vanquished.

Grand Total: 249 creatures vanquished

Notes
Turn   | Place    | Note
-------+----------+-------------------------------------------
     0 | D:1      | qeuew the Troll Berserker began the quest for the Orb.
     0 | D:1      | Reached XP level 1. HP: 22/22 MP: 0/0
   651 | D:2      | Reached XP level 2. HP: 29/29 MP: 1/1
   668 | D:2      | Noticed Terence
   674 | D:2      | Killed Terence
   675 | D:2      | Reached XP level 3. HP: 25/36 MP: 2/2
   749 | D:2      | Noticed Robin
   777 | D:2      | Killed Robin
   778 | D:2      | Reached skill level 4 in Unarmed Combat
   811 | D:2      | Found Jicaor's Antique Armour Emporium.
   861 | D:2      | Reached XP level 4. HP: 40/44 MP: 3/3
   882 | D:2      | Noticed Sigmund
   884 | D:2      | Reached ** piety under Trog
   912 | D:2      | Killed Sigmund
   913 | D:2      | Reached skill level 5 in Unarmed Combat
   913 | D:2      | Reached XP level 5. HP: 40/53 MP: 4/4
  1588 | D:3      | Reached XP level 6. HP: 61/61 MP: 5/5
  1914 | D:4      | Noticed Grinder
  1920 | D:4      | Killed Grinder
  1954 | D:4      | Noticed Edmund
  1967 | D:4      | Killed Edmund
  1968 | D:4      | Reached skill level 6 in Unarmed Combat
  1968 | D:4      | Reached XP level 7. HP: 48/70 MP: 6/6
  2006 | D:4      | Found Fyat Ger's Assorted Antiques.
  2022 | D:4      | Found Eraq's Weapon Emporium.
  2032 | D:4      | Found Bontoseu's Book Boutique.
  2084 | D:4      | Found a burning altar of Makhleb.
  2163 | D:4      | Found Ynonn's Distillery.
  2436 | D:5      | Entered Level 5 of the Dungeon
  2544 | D:5      | Reached skill level 7 in Unarmed Combat
  2622 | D:5      | Reached XP level 8. HP: 73/79 MP: 7/7
  2854 | D:5      | Reached *** piety under Trog
  3220 | D:6      | Reached skill level 5 in Fighting
  3220 | D:6      | Reached skill level 5 in Dodging
  3220 | D:6      | Reached skill level 8 in Unarmed Combat
  3421 | D:6      | Found an ornate altar of the Wu Jian Council.
  3440 | D:6      | Reached skill level 1 in Evocations
  4003 | D:7      | Reached XP level 9. HP: 81/88 MP: 8/8
  4102 | D:7      | Found a staircase to the Ecumenical Temple.
  4112 | Temple   | Entered the Ecumenical Temple
  4316 | D:7      | Noticed a two-headed ogre
  4325 | D:7      | Killed a two-headed ogre
  4326 | D:7      | Reached skill level 9 in Unarmed Combat
  4862 | D:7      | Found a glowing silver altar of Zin.
  5050 | D:8      | Reached skill level 10 in Unarmed Combat
  5080 | D:8      | Found a sand-covered staircase.
  5085 | Ossuary  | Entered an ossuary
  5117 | Ossuary  | Reached **** piety under Trog
  5212 | Ossuary  | Reached XP level 10. HP: 94/98 MP: 9/9
  5513 | D:8      | Found a staircase to the Lair.
  5537 | D:8      | Noticed Grum
  5553 | D:8      | Killed Grum
  5654 | D:8      | Reached skill level 11 in Unarmed Combat
  5674 | D:8      | HP: 4/150 [iguana (12)]
  5757 | D:8      | Found a snail-covered altar of Cheibriados.
  6069 | D:8      | Found an opulent altar of Gozag.
  6511 | D:8      | Found a white marble altar of Elyvilon.
  6544 | D:8      | Found a shimmering altar of Xom.
  6551 | D:8      | Found a broken altar of Ashenzari.
  6727 | Lair:1   | Entered Level 1 of the Lair of Beasts
  6727 | Lair:1   | Noticed an elephant
  6727 | Lair:1   | Noticed an elephant
  6727 | Lair:1   | Noticed an elephant
  6851 | D:8      | HP: 2/102 [wyvern (10)]
  6852 | D:8      | Slain by a killer bee

Illustrated notes

Levels and vault maps discovered:
D:1:      wander_arrival_chamber, layout_basic
D:2:      layout_basic, serial_shops, shop, uniq_terence, uniq_robin,
          uniq_sigmund
D:3:      layout_basic, minmay_fountain_box
D:4:      layout_rooms, demons_altar, serial_shops,
          nicolae_shop_temple_entry_statues_fountains, shop, shop_fountains,
          shop, uniq_grinder, uniq_edmund
D:5:      nicolae_cairo_tiling_large, layout_cave_pools
D:6:      layout_basic, nicolae_wu_jian_immortal_techniques,
          kennysheep_decorative_pillar
D:7:      layout_basic, mainiacjoe_overflow_cross_hatched,
          minmay_temple_entry_proselytizer, fountainhead,
          chequers_serial_rivers_micro_a, st_stairs_11
D:8:      layout_layer_cave, nicolae_gozag_seed_capital,
          nicolae_overflow_hidden_temple, mainiacjoe_overflow_small_starburst,
          minmay_lair_entry_grove, enter_ossuary_2, kennysheep_nondescript,
          minmay_between, uniq_grum
D:9:      layout_gridville, general_overflow_altar, kennysheep_generic_room_12,
          uniq_joseph
Temple:   nicolae_temple_slightly_damp_pantheon
Lair:1:   layout_long_grid, minmay_stone_trees_small

Skill      XL: |  1  2  3  4  5  6  7  8  9 10 |
---------------+-------------------------------+-----
Unarmed Combat | 4 5 6 7 8 10 11 | 11.4
Fighting       | 3 4 5 6 7 |  7.0
Dodging        | 3 4 5 6 7 |  7.0
Evocations     | 1 3 4 |  4.2

Action                     |  1- 3 |  4- 6 |  7- 9 | 10-12 || total
---------------------------+-------+-------+-------+-------++-------
  Melee: Unarmed           |    74 |    82 |   333 |   142 ||   631
         Punch             |       |     1 |    14 |     7 ||    22
 Invoke: Berserk           |       |     1 |     3 |     3 ||     7
         Trog's Hand       |       |     1 |     3 |     3 ||     7
    Use: Scroll            |     4 |     2 |     5 |     1 ||    12
         Potion            |     2 |     2 |     3 |     1 ||     8
   Stab: Sleeping          |       |       |       |     1 ||     1
 Armour: Animal skin       |    21 |    12 |    71 |    27 ||   131
  Dodge: Dodged            |    27 |    34 |   173 |    91 ||   325

Table legend: (Time is in decaauts)
 A = Elapsed time spent in this place.
 B = Non-inter-level travel time spent in this place.
 C = Inter-level travel time spent in this place.
 D = Time resting spent in this place.
 E = Time spent auto-exploring this place.
 F = Levels seen in this place.
 G = Mean time per level.
                   A        B        C        D        E       F      G
               +--------+--------+--------+--------+--------+-----+--------+
         Total |   6830 |   6563 |    267 |     20 |   5354 |  12 |  569.2 |
       Dungeon |   6415 |   6169 |    246 |     20 |   5099 |   9 |  712.8 |
        Temple |    187 |    168 |     19 |      0 |    156 |   1 |  187.0 |
          Lair |      1 |      1 |      0 |      0 |      0 |   1 |    1.0 |
       Ossuary |    225 |    225 |      0 |      0 |     99 |   1 |  225.0 |
               +--------+--------+--------+--------+--------+-----+--------+

Top non-repeatable levels by time:
     D:8: 1602 daAuts
     D:7: 946 daAuts
     D:6: 716 daAuts
     D:5: 712 daAuts
     D:3: 646 daAuts
     D:1: 643 daAuts
     D:2: 627 daAuts
     D:4: 514 daAuts
 Ossuary: 225 daAuts
  Temple: 187 daAuts
     D:9: 5 daAuts
  Lair:1: 1 daAuts
